 Dungeon Crawl Stone Soup version 0.28-a0-1493-g08698888e4 (webtiles) character file.

Game seed: 15671393454724225554

443 sizableburger the Skirmisher (level 7, -3/71 HPs)
             Began as an Ogre Arcane Marksman on Jan 12, 2022.
             Was a Follower of Uskayaw.
             Succumbed to a water moccasin's poison
             ... on level 3 of the Dungeon.
             The game lasted 00:13:03 (5129 turns).

sizableburger the Skirmisher (Ogre Arcane Marksman) Turns: 5129, Time: 00:13:06

Health: -3/71      AC:  3    Str: 15    XL:     7   Next: 2%
Magic:  3/8        EV:  9    Int: 16    God:    Uskayaw [*.....]
Gold:   106        SH:  0    Dex:  9    Spells: 4/8 levels left

rFire   . . .      SeeInvis .   j - +0 mace
rCold   . . .      Faith    .   (no shield)
rNeg    . . .      Spirit   .   a - +0 robe
rPois   .          Reflect  .   (helmet restricted)
rElec   +          Harm     .   (no cloak)
rCorr   .          Rampage  .   (gloves unavailable)
Will    +....                   (boots unavailable)
Stlth   +.........              (no amulet)
HPRegen 0.21/turn               (no ring)
MPRegen 0.11/turn               (no ring)

@: lethally poisoned (-3 -> -31)
A: large, unfitting armour, tough skin 1, strong-willed 1, electricity
resistance
a: Renounce Religion, Stomp


You were on level 3 of the Dungeon.
You worshipped Uskayaw.
Uskayaw was noncommittal.
You visited 1 branch of the dungeon, and saw 3 of its levels.
You also visited: Sewer.

You collected 106 gold pieces.

Inventory:

Hand Weapons
 e - a +0 quarterstaff
 j - a +0 mace (weapon)
Missiles
 c - 3 large rocks
 d - 22 poisoned darts (quivered)
 g - 5 atropa-tipped darts
 l - a throwing net
 m - 2 curare-tipped darts
Armour
 a - a +0 robe (worn)
Potions
 f - a potion of cancellation
 h - 2 potions of heal wounds
 i - a potion of magic
 k - a potion of resistance {unknown}


   Skills:
 + Level 4.6 Fighting
 + Level 3.0 Maces & Flails
 + Level 4.1 Throwing
 - Level 1.9 Dodging
 - Level 1.2 Spellcasting
 - Level 2.7 Hexes
 + Level 2.5 Fire Magic


You had 4 spell levels left.
You knew the following spells:

 Your Spells              Type           Power      Damage    Failure   Level
a - Slow                  Hex            36%        N/A       8%          1
b - Inner Flame           Hex/Fire       9%         N/A       22%         3

Your spell library contained the following spells:

 Spells                   Type           Power      Damage    Failure   Level
 Portal Projectile        Hex/Tloc       10%        N/A       36%         3
 Cause Fear               Hex            4%         N/A       58%         4


Dungeon Overview and Level Annotations

Branches:
Dungeon (3/15)              Sewer (visited)

Altars:
Uskayaw


Innate Abilities, Weirdness & Mutations

You are too large for most types of armour.
You have tough skin. (AC +1)
You are strong-willed. (Will+)
You are resistant to electric shocks. (rElec)


Message History

Aim: a water moccasin (slow, 40% to hit)
You throw a poisoned dart.
The poisoned dart hits the water moccasin.
The water moccasin closely misses you.
Casting: Slow (safe; 8% risk of failure)
Confirm with . or Enter, or press ? or * to list all spells.
You don't know that spell.
Casting: Slow (safe; 8% risk of failure)
Confirm with . or Enter, or press ? or * to list all spells.
Aiming: Inner Flame (dangerous; 22% risk of failure)
Press: ? - help, Dir - move target, f/p - water moccasin
Aim: a water moccasin (slow, chance to affect: 58%)
The water moccasin is filled with an inner flame.
The water moccasin bites you but does no damage.
Unknown command.
You closely miss the water moccasin. The water moccasin barely misses you.
You miss the water moccasin. The water moccasin closely misses you.
You hit the water moccasin.
Flame seeps out of the water moccasin.
The water moccasin is lightly wounded.
The water moccasin is no longer moving slowly.
The water moccasin is engulfed in blazing flames.
Flame seeps out of the water moccasin.
The water moccasin bites you!
You are poisoned.
The water moccasin poisons you!
You miss the water moccasin.
The water moccasin is lightly wounded.
You feel very sick.
The water moccasin is engulfed in blazing flames.
Flame seeps out of the water moccasin.
The water moccasin bites you!
You are more poisoned.
The water moccasin poisons you!
The water moccasin is engulfed in blazing flames.
Flame seeps out of the water moccasin.
The water moccasin bites you.
You thump the water moccasin!
The water moccasin explodes!
The fiery explosion engulfs you!!
* * * LOW HITPOINT WARNING * * *
You are engulfed in blazing flames.
* * * LOW HITPOINT WARNING * * *
You die...

###''≈....# #.........#
#≈≈≈≈≈....# #.#######.#
#≈≈≈≈≈....# #.# #.#
#≈.≈......# #.# #.#
#.........# #.# #.#
#########.#########.#######.#
#..>.................
###.###############.#
#.@°§..............
########...######## ....#
#...... #......# #.#....# #.
##### ..


There were no monsters in sight!

Vanquished Creatures
  A water moccasin (D:3)
  4 kobold brigands (Sewer)
  4 adders
  5 river rats
  A dart slug (D:1)
  An orc (D:3)
  12 ball pythons
  4 endoplasms
  7 giant cockroaches
  4 goblins
  7 hobgoblins (D:1)
  14 kobolds
  4 quokkas
  A bat (D:1)
  5 frilled lizards
  26 rats
100 creatures vanquished.

Vanquished Creatures (others)
  A plant (D:2)
1 creature vanquished.

Grand Total: 101 creatures vanquished

Notes
Turn   | Place    | Note
-------+----------+-------------------------------------------
     0 | D:1      | sizableburger the Ogre Arcane Marksman began the quest for
                  | the Orb.
     0 | D:1      | Reached XP level 1. HP: 19/19 MP: 2/2
    52 | D:1      | Found a faded altar of an unknown god.
   508 | D:1      | Reached XP level 2. HP: 14/28 MP: 3/3
  1155 | D:1      | Reached XP level 3. HP: 28/35 MP: 4/4
  1620 | D:1      | Learned a level 3 spell: Inner Flame
  1721 | D:2      | Found a hide-covered altar of Uskayaw.
  1737 | D:2      | Became a worshipper of Uskayaw the Reveller
  1827 | D:2      | Reached skill level 1 in Maces & Flails
  1898 | D:2      | Reached * piety under Uskayaw
  2720 | D:3      | Reached XP level 4. HP: 37/44 MP: 2/5
  2793 | D:3      | Reached ** piety under Uskayaw
  3213 | D:3      | Found a glowing drain.
  3220 | Sewer    | Entered a sewer
  3454 | Sewer    | Reached skill level 1 in Fire Magic
  3461 | Sewer    | Gained mutation: You are resistant to electric shocks.
                  | (rElec) [potion of mutation]
  3461 | Sewer    | Gained mutation: You are strong-willed. (Will+) [potion of
                  | mutation]
  3740 | Sewer    | Reached XP level 5. HP: 53/53 MP: 6/6
  4380 | Sewer    | Noticed a kobold brigand
  4380 | Sewer    | Noticed a kobold brigand
  4385 | Sewer    | Killed a kobold brigand
  4386 | Sewer    | Reached XP level 6. HP: 51/62 MP: 2/7
  4853 | Sewer    | Reached XP level 7. HP: 61/71 MP: 4/8
  5129 | D:3      | Succumbed to a water moccasin's poison

Illustrated notes

Levels and vault maps discovered:
D:1:      dpeg_arrival_leaves_temple_mockup, layout_loops_ring,
          nicolae_ecumenical_snake_handling, corexii_item_surrounded_by_moat,
          hangedman_feature_mirror
D:2:      layout_loops_ring, basic_altar, serial_bayou_crossing
D:3:      layout_basic, portal_sewer_entry_e, uniq_robin

Skill      XL: |  1  2  3  4  5  6 |
---------------+-------------------+-----
Fighting       | 2 3 4 |  4.6
Maces & Flails | 1 2 3 |  3.0
Throwing       | 3 4 |  4.1
Fire Magic     | 1 2 |  2.5
Dodging        | |  1.9
Spellcasting   | |  1.2
Hexes          | |  2.7

Action                   |  1- 3 |  4- 6 |  7- 9 || total
-------------------------+-------+-------+-------++-------
Melee: Unarmed           |    26 |       |       ||    26
       Punch             |     1 |       |       ||     1
       Quarterstaff      |    98 |       |       ||    98
       Club              |     7 |       |       ||     7
       Mace              |       |   172 |     5 ||   177
Throw: Large rock        |     6 |     8 |       ||    14
       Throwing net      |     2 |     2 |       ||     4
       Dart              |     3 |    12 |     1 ||    16
 Cast: Slow              |    12 |     4 |     2 ||    18
       Inner Flame       |       |     1 |     1 ||     2
Invok: Stomp             |       |     5 |       ||     5
       Line Pass         |       |     1 |       ||     1
  Use: Scroll            |     1 |     1 |     2 ||     4
       Potion            |       |     4 |       ||     4
 Stab: Sleeping          |     1 |       |       ||     1
       Invisible         |       |     1 |       ||     1
Armor: Robe              |    34 |    56 |     1 ||    91
       Skin              |       |    29 |       ||    29
Dodge: Dodged            |    64 |   116 |     3 ||   183

Table legend: (Time is in decaauts)
 A = Elapsed time spent in this place.
 B = Non-inter-level travel time spent in this place.
 C = Inter-level travel time spent in this place.
 D = Time resting spent in this place.
 E = Time spent auto-exploring this place.
 F = Levels seen in this place.
 G = Mean time per level.
                   A        B        C        D        E       F      G
               +--------+--------+--------+--------+--------+-----+--------+
         Total |   5241 |   5150 |     91 |   1648 |   2408 |   4 | 1310.2 |
       Dungeon |   3307 |   3216 |     91 |    860 |   1787 |   3 | 1102.3 |
         Sewer |   1934 |   1934 |      0 |    788 |    620 |   1 | 1934.0 |
               +--------+--------+--------+--------+--------+-----+--------+

Top non-repeatable levels by time:
   Sewer: 1934 daAuts
     D:1: 1687 daAuts
     D:2: 1003 daAuts
     D:3: 616 daAuts
